 Dungeon Crawl Stone Soup version 0.29-a0-813-g4a14ea37d6 (webtiles) character file.

Game seed: 552611624929991809

38656 wilfster70 the Severer (level 14, -6/147 HPs)
             Began as a Gargoyle Berserker on July 5, 2022.
             Was a High Priest of Trog.
             Mangled by a six-headed hydra (10 damage)
             ... on level 5 of the Lair of Beasts.
             The game lasted 00:30:56 (15990 turns).

wilfster70 the Severer (Gargoyle Berserker)        Turns: 15990, Time: 00:30:57

Health: -6/147     AC: 39    Str: 29    XL:     14   Next: 3%
Magic:  23/23      EV:  9    Int: 12    God:    Trog [*****.]
Gold:   1189       SH:  0    Dex:  9    Spells: 13/13 levels left

rFire   . . .      SeeInvis .   b - +1 broad axe (flame)
rCold   + . .      Faith    .   (no shield)
rNeg    + . .      Spirit   .   d - +18 Lear's hauberk
rPois   ∞          Reflect  .   (helmet currently unavailable)
rElec   +          Harm     .   C - +1 cloak of the Stars {Int+2 Slay+2}
rCorr   .          Rampage  .   (gloves currently unavailable)
Will    ++++.                   (boots currently unavailable)
Stlth   ..........              (no amulet)
HPRegen 1.34/turn               e - ring of protection from cold
MPRegen 0.18/turn               i - ring of Azei {Will+ MP+9 Str+5}

@: berserking, strong-willed, flying, regenerating, slowed
A: sickness immunity, AC +10, big wings, negative energy resistance 1,
electricity resistance, torment resistance 1, petrification resistance
a: Renounce Religion, Berserk, Trog's Hand, Brothers in Arms


You were on level 5 of the Lair of Beasts.
You worshipped Trog.
Trog was extremely pleased with you.
You visited 2 branches of the dungeon, and saw 17 of its levels.
You also visited: Ossuary.

You collected 1189 gold pieces.

Inventory:

Hand Weapons
 a - a +3 vorpal battleaxe
 b - a +1 broad axe of flaming (weapon)
 w - a +0 sling
Missiles
 t - 2 throwing nets (quivered)
 M - 5 javelins
 O - 5 curare-tipped darts
Armour
 d - the +18 Lear's hauberk (worn)
   (You found it on level 2 of the Dungeon)
 C - the +1 cloak of the Stars (worn) {Int+2 Slay+2}
   (You acquired it on level 7 of the Dungeon)

   Int:       It affects your intelligence (+2).
   Slay:      It affects your accuracy & damage with ranged weapons and melee
   (+2).
 L - a +3 buckler
Jewellery
 e - a ring of protection from cold (left hand)
 i - the ring of Azei (right hand) {Will+ MP+9 Str+5}
   (You acquired it on level 6 of the Dungeon)

   [ring of willpower]

   Str:       It affects your strength (+5).
   MP:        It affects your magic capacity (+9).
   Will:      It increases your willpower.
 s - a ring of see invisible
 F - a +6 ring of intelligence
 N - an amulet of the acrobat
Wands
 h - a wand of polymorph (24)
 l - a wand of roots (14)
 m - a wand of flame (55)
 v - a wand of digging (6)
 y - a wand of paralysis (15)
 K - a wand of light (9)
Scrolls
 k - 2 scrolls of brand weapon
 q - 8 scrolls of teleportation
 r - a scroll of identify
 x - 3 scrolls of fear
 A - 2 scrolls of poison
 E - 4 scrolls of magic mapping
 I - a scroll of blinking
 J - a scroll of fog
Potions
 c - 4 potions of heal wounds
 f - 5 potions of might
 g - 2 potions of resistance
 j - 3 potions of haste
 n - 2 potions of ambrosia
 o - a potion of invisibility
 p - 3 potions of cancellation
 u - 10 potions of curing
 z - 5 potions of lignification
 B - 3 potions of mutation
 D - 2 potions of magic
 G - 3 potions of attraction


   Skills:
 + Level 15.2 Fighting
 * Level 17.7 Axes
 - Level 2.9 Armour
 - Level 2.0 Dodging


You had 13 spell levels left.
You didn't know any spells.
Your spell library contained the following spells:

 Spells                   Type           Power      Damage    Failure   Level
 Sandblast                Erth           0%         2d4       87%         1
 Shock                    Conj/Air       0%         1d3       87%         1
 Passwall                 Tmut/Erth      0%         N/A       95%         2
 Inner Flame              Hex/Fire       0%         N/A       99%         3
 Stone Arrow              Conj/Erth      0%         3d7       99%         3
 Swiftness                Air            0%         N/A       99%         3
 Airstrike                Air            0%         0-1+      100%        4
 Animate Dead             Necr           0%         N/A       100%        4
 Cause Fear               Hex            0%         N/A       100%        4
 Corpse Rot               Necr/Pois/Air  0%         N/A       100%        4
 Dispel Undead            Necr           0%         3d6       100%        4
 Freezing Cloud           Conj/Ice/Air   0%         6-21      100%        5
 Death Channel            Necr           0%         N/A       100%        6
 Simulacrum               Ice/Necr       0%         N/A       100%        6
 Haunt                    Necr/Summ      0%         N/A       100%        7
 Discord                  Hex            0%         N/A       100%        8
 Infestation              Necr           0%         N/A       100%        8
 Polar Vortex             Ice            0%         N/A       100%        9


Dungeon Overview and Level Annotations

Branches:
Dungeon (11/15)            Temple (0/1) D:6            Lair (6/6) D:8
  Swamp (0/4) Lair:4       Spider (0/4) Lair:4        Slime (0/5) Lair:6
Ossuary (visited)
    Orc: D:9-12

Altars:
Elyvilon
Gozag
Makhleb
Vehumet
Wu Jian
Yredelemnul
Jiyva

Shops:
D:1 *   D:4 =*   D:9 (

Annotations:
D:10 3 runed translucent doors


Innate Abilities, Weirdness & Mutations

You are immune to sickness and miasma.
Your stone body is resilient. (AC +10)
You are immune to poison.
Your large and strong wings let you fly.
You resist negative energy. (rN+)
You are resistant to electric shocks. (rElec)
You are resistant to unholy torment.
You are immune to petrification.


Message History

You slash the death yak! You burn the death yak.
The death yak is lightly wounded.
You slash the torpor snail! You burn the torpor snail.
You slice one of the seven-headed hydra's heads off!
The flame cauterises the wound!
You hit the six-headed hydra. You burn the six-headed hydra.
You chop one of the eight-headed hydra's heads off!
The flame cauterises the wound!
You slice the seven-headed hydra!! You burn the seven-headed hydra.
You completely miss the water moccasin.
The water moccasin bites you but does no damage.
The seven-headed hydra bites you but does no damage. x5
The seven-headed hydra bites you.
* * * LOW HITPOINT WARNING * * *
The seven-headed hydra bites you but does no damage.
The torpor snail bites you but does no damage.
You slice the death yak!! You burn the death yak.
The death yak is heavily wounded.
You hack one of the seven-headed hydra's heads off!
The flame cauterises the wound!
You hit the six-headed hydra. You burn the six-headed hydra.
You slice the water moccasin!! You burn the water moccasin.
You slice the torpor snail!! You burn the torpor snail!
You barely miss the six-headed hydra.
The water moccasin bites you but does no damage.
The death yak gores you!
* * * LOW HITPOINT WARNING * * *
The six-headed hydra bites you but does no damage. x2
The six-headed hydra closely misses you. x2
The six-headed hydra bites you but does no damage. x2
You slice one of the six-headed hydra's heads off!
The flame cauterises the wound!
You slash the five-headed hydra! You burn the five-headed hydra.
The five-headed hydra is moderately wounded.
You hit the six-headed hydra. You burn the six-headed hydra.
You barely miss the water moccasin. You hit the torpor snail.
You burn the torpor snail. You slice the death yak!! You burn the death yak.
The water moccasin bites you but does no damage.
The six-headed hydra bites you but does no damage.
The six-headed hydra completely misses you.
The six-headed hydra bites you!
You die...

#....# #.##.P# #....P# #
##...## #####..#..##
##..### #
###.....###P........P##
##.#.#
###....!...##P..........#
#...#
<...#.##................#
#.P#.
...####..#.............P#
##.... ####
####..............##
#.....
#.......wD........####....
##P#....Y@D........##...##
#########SP#.###.###.##.#
#.#### ### ###.#. ### ####


You could see a death yak, a six-headed hydra, a five-headed hydra, a torpor
snail and a water moccasin.

Vanquished Creatures
  Snorg (Lair:3)
  2 hydras
  4 boulder beetles
  Erica (D:10)
  A two-headed ogre (D:8)
  A death yak (Lair:5)
  Sonja (Lair:4)
  Nergalle (D:10)
  An orange crystal statue (D:10)
  Pikel (D:6)
  An ugly thing (D:11)
  A cyclops (D:11)
  A manticore (D:11)
  4 elephants (Lair:5)
  8 black mambas
  Joseph (D:10)
  2 rime drakes (Lair:4)
  Maggie (D:6)
  11 cane toads
  A kobold demonologist (D:8)
  7 komodo dragons
  2 polar bears
  A troll (D:10)
  A hornet (D:10)
  7 dream sheep (Lair:4)
  11 blink frogs
  2 shadows
  Sigmund (D:2)
  A wraith (D:11)
  A basilisk (Lair:2)
  4 wyverns
  26 yaks
  Eustachio (D:5)
  Grum (Lair:1)
  9 vampire mosquitoes
  12 water moccasins
  Duvessa (D:6)
  3 sky beasts
  4 black bears
  3 ice beasts
  An orc warrior (D:7)
  3 ogres
  30 wolves
  7 centaurs
  A phantom (D:4)
  A lemure (D:6)
  3 kobold brigands
  8 bullfrogs
  2 gnoll sergeants
  4 scorpions
  6 water moccasin zombies (Ossuary)
  9 wights
  Dowan (D:6)
  A killer bee (D:8)
  A howler monkey (D:6)
  3 electric eels
  Crazy Yiuf (D:3)
  4 jellies
  2 orc priests
  A hound (D:6)
  A gnoll bouda (D:9)
  Terence (D:2)
  7 iguanas
  2 orc wizards
  4 hell rats (Lair:3)
  2 mummies (Ossuary)
  15 gnolls
  7 river rats (D:5)
  4 adders
  A shadow imp (D:8)
  3 white imps
  An ufetubus (D:4)
  2 adder zombies (Ossuary)
  A worm (D:4)
  2 dart slugs (D:4)
  21 orcs
  8 ball pythons
  9 bats
  7 endoplasms
  7 giant cockroaches
  3 gnoll zombies (Ossuary)
  2 hobgoblins
  8 jackals (D:1)
  5 quokkas
  3 frilled lizards
  5 goblins
  3 hobgoblin zombies (Ossuary)
  16 kobolds
  A kobold zombie (Ossuary)
  7 orc zombies (Ossuary)
  22 rats
  A butterfly (Lair:1)
413 creatures vanquished.

Vanquished Creatures (others)
  34 fungi
  31 plants
65 creatures vanquished.

Grand Total: 478 creatures vanquished

Notes
Turn   | Place    | Note
-------+----------+-------------------------------------------
     0 | D:1      | wilfster70 the Gargoyle Berserker began the quest for the
                  | Orb.
     0 | D:1      | Reached XP level 1. HP: 14/14 MP: 1/1
    52 | D:1      | Reached XP level 2. HP: 18/19 MP: 2/2
   104 | D:1      | Reached skill level 3 in Axes
   308 | D:1      | Found Qof Iba's General Store.
   311 | D:1      | Reached XP level 3. HP: 19/23 MP: 3/3
   512 | D:1      | Reached ** piety under Trog
   967 | D:2      | Noticed Terence
   978 | D:2      | Killed Terence
   979 | D:2      | Reached XP level 4. HP: 29/29 MP: 4/4
  1047 | D:2      | Found the +18 Lear's hauberk
  1470 | D:2      | Noticed Sigmund
  1485 | D:2      | Killed Sigmund
  1486 | D:2      | Reached skill level 4 in Axes
  1486 | D:2      | Reached XP level 5. HP: 34/34 MP: 5/5
  1486 | D:2      | Reached XP level 6. HP: 39/39 MP: 6/6
  1883 | D:3      | Noticed a black bear
  1892 | D:3      | Killed a black bear
  1893 | D:3      | Reached skill level 5 in Fighting
  1893 | D:3      | Reached skill level 5 in Axes
  2019 | D:3      | Found a runed translucent door.
  2020 | D:3      | Noticed Crazy Yiuf
  2033 | D:3      | Killed Crazy Yiuf
  2155 | D:3      | Found an ornate altar of the Wu Jian Council.
  2413 | D:4      | Found Jalesur's Jewellery Shop.
  2475 | D:4      | Reached XP level 7. HP: 44/44 MP: 7/7
  2672 | D:4      | Reached skill level 6 in Axes
  3036 | D:4      | Found an opulent altar of Gozag.
  3038 | D:4      | Found Gozag's Platinum Reserve.
  3101 | D:5      | Entered Level 5 of the Dungeon
  3190 | D:5      | Noticed Eustachio
  3216 | D:5      | Killed Eustachio
  3217 | D:5      | Reached XP level 8. HP: 51/51 MP: 8/8
  3354 | D:5      | Reached skill level 7 in Axes
  3500 | D:5      | Found a white marble altar of Elyvilon.
  4003 | D:5      | Reached *** piety under Trog
  4159 | D:5      | Reached skill level 8 in Axes
  4359 | D:6      | Noticed Pikel
  4387 | D:6      | Killed Pikel
  4388 | D:6      | Reached XP level 9. HP: 59/59 MP: 9/9
  4393 | D:6      | Reached skill level 9 in Axes
  4442 | D:6      | Found a burning altar of Makhleb.
  4518 | D:6      | Found a staircase to the Ecumenical Temple.
  4528 | D:6      | Identified 2 scrolls of acquirement
  4528 | D:6      | Acquired the ring of Azei {Will+ MP+9 Str+5}
  4531 | D:6      | Acquired a +2 vorpal battleaxe
  4632 | D:6      | Acquired a +1 broad axe of flaming
  5101 | D:6      | Noticed Maggie
  5117 | D:6      | Killed Maggie
  5477 | D:6      | Noticed Duvessa
  5485 | D:6      | Killed Duvessa
  5492 | D:6      | Noticed Dowan
  5503 | D:6      | Reached skill level 10 in Axes
  5512 | D:6      | Killed Dowan
  5956 | D:7      | Acquired the +1 cloak of the Stars {Int+2 Slay+2}
  6091 | D:7      | Reached XP level 10. HP: 55/66 MP: 10/10
  6931 | D:8      | Found a sand-covered staircase.
  6937 | Ossuary  | Entered an ossuary
  6971 | Ossuary  | Reached skill level 11 in Axes
  6971 | Ossuary  | Reached **** piety under Trog
  7321 | D:8      | Found a staircase to the Lair.
  7401 | D:8      | Noticed a kobold demonologist
  7406 | D:8      | Noticed a two-headed ogre
  7413 | D:8      | Reached skill level 10 in Fighting
  7419 | D:8      | Killed a kobold demonologist
  7421 | D:8      | Killed a two-headed ogre
  7788 | D:8      | Reached skill level 12 in Axes
  8003 | D:9      | Found Eladyqu's Antique Weapon Shoppe.
  8005 | D:9      | Noticed an eight-headed hydra
  8017 | D:9      | Killed a three-headed hydra
  8018 | D:9      | Reached XP level 11. HP: 73/73 MP: 11/11
  8536 | D:10     | Entered Level 10 of the Dungeon
  8550 | D:10     | Found a radiant altar of Vehumet.
  8714 | D:10     | Reached skill level 13 in Axes
  8738 | D:10     | Noticed Nergalle
  8755 | D:10     | Killed Nergalle
  8999 | D:10     | Noticed Joseph
  9015 | D:10     | Killed Joseph
  9085 | D:10     | Found a runed translucent door.
  9117 | D:10     | Noticed Erica
  9119 | D:10     | Noticed an orange crystal statue
  9130 | D:10     | Killed Erica
  9186 | D:10     | Found a runed translucent door.
  9212 | D:10     | Found a runed translucent door.
  9227 | D:10     | Found a runed translucent door.
  9230 | D:10     | Killed an orange crystal statue
  9942 | D:11     | Noticed a boulder beetle
  9956 | D:11     | Killed a boulder beetle
  9957 | D:11     | Reached skill level 14 in Axes
 10270 | D:11     | Noticed a manticore
 10277 | D:11     | Killed a manticore
 10278 | D:11     | Reached XP level 12. HP: 81/82 MP: 12/12
 10619 | D:11     | Noticed a boulder beetle
 10624 | D:11     | Killed a boulder beetle
 10696 | D:11     | Noticed a boulder beetle
 10708 | D:11     | Killed a boulder beetle
 10883 | Lair:1   | Entered Level 1 of the Lair of Beasts
 11268 | Lair:1   | Noticed Grum
 11290 | Lair:1   | Killed Grum
 11296 | Lair:1   | Reached skill level 15 in Axes
 11721 | Lair:2   | Reached ***** piety under Trog
 11840 | Lair:2   | Noticed a five-headed hydra
 11850 | Lair:2   | Killed a one-headed hydra
 11995 | Lair:2   | Reached XP level 13. HP: 63/89 MP: 13/13
 12557 | Lair:3   | Reached skill level 16 in Axes
 12655 | Lair:3   | Noticed Snorg
 12664 | Lair:3   | Killed Snorg
 13678 | Lair:4   | Received a gift from Trog
 13684 | Lair:4   | Reached skill level 17 in Axes
 13770 | Lair:4   | Found a staircase to the Swamp.
 14024 | Lair:4   | Noticed Sonja
 14087 | Lair:4   | Killed Sonja
 14212 | Lair:4   | Found a hole to the Spider Nest.
 14651 | Lair:5   | Found a basalt altar of Yredelemnul.
 14934 | Lair:5   | Reached skill level 15 in Fighting
 15820 | Lair:5   | Gained mutation: Your large and strong wings let you fly.
                  | [Gargoyle growth]
 15820 | Lair:5   | Reached XP level 14. HP: 98/98 MP: 14/14
 15939 | Lair:6   | Entered Level 6 of the Lair of Beasts
 15940 | Lair:6   | Found a viscous altar of Jiyva.
 15941 | Lair:6   | Found a staircase to the Slime Pits.
 15989 | Lair:5   | HP: 4/147 [death yak[a torpor snail] (7)]
 15990 | Lair:5   | Mangled by a six-headed hydra

Illustrated notes

Levels and vault maps discovered:
D:1:      evilmike_arrival_hilbert_curve, layout_basic, serial_shops, shop
D:2:      layout_basic, dreamdust_princess_corridor, minmay_pentomino_q2,
          uniq_terence, uniq_sigmund
D:3:      layout_rooms, mainiacjoe_overflow_alcove_1, uniq_crazy_yiuf_cottage
D:4:      layout_loops_ring, nicolae_gozag_zags_fifth_avenue, serial_shops,
          nicolae_shop_advertising_works [nicolae_subvault_shop_adworks]
D:5:      lemuel_ratsnest, layout_basic, elyvilon_altar_3, uniq_eustachio
D:6:      layout_basic, mainiacjoe_overflow_tiny_flanked,
          minmay_temple_entry_statues_pillars, uniq_pikel, uniq_duvessa,
          uniq_maggie
D:7:      layout_layer_cave
D:8:      layout_basic, lair_entry_dummy, nicolae_ossuary_entry_plus,
          minmay_chambers_of_fives
D:9:      layout_small_grid, serial_shops, nicolae_diamond_shop
D:10:     layout_basic, vehumet_crystals, minmay_statue_crystal_thing,
          uniq_joseph, uniq_nergalle, uniq_erica
D:11:     layout_irregular_city, serial_bayou_lagoon_a, nzn_sisyphean_effort
Lair:1:   layout_cellular_growth, lemuel_fruit_fields,
          infiniplex_staircase_pool_2, serial_bayou_shore_a, uniq_grum
Lair:2:   layout_regular_city
Lair:3:   layout_big_grid, lemuel_fruit_fields, uniq_snorg
Lair:4:   dreamdust_cave_troll, layout_loops_ring, minmay_swamp_entry_swarm,
          spider_nest_entry_web_field, dreamdust_mushroom_princess, uniq_sonja
Lair:5:   layout_cave_pods, basic_altar, hangedman_lair_unloving_vines
Lair:6:   minmay_lair_end_frog_pond, layout_concentric_octagons,
          nicolae_slime_entry_slimehenge

Skill      XL: |  1  2  3  4  5  6  7  8  9 10 11 12 13 |
---------------+----------------------------------------+-----
Axes           | 3 4 5 6 8 10 12 14 15 17 | 17.7
Dodging        | 2 |  2.0
Fighting       | 4 5 6 7 9 10 12 13 15 | 15.2
Armour         | |  2.9

Action                   |  1- 3 |  4- 6 |  7- 9 | 10-12 | 13-15 || total
-------------------------+-------+-------+-------+-------+-------++-------
Melee: Hand axe          |    79 |   107 |   294 |       |       ||   480
       Unarmed           |     2 |       |       |       |       ||     2
       Punch             |       |       |     5 |     7 |     4 ||    16
       Broad axe         |       |       |    74 |   448 |   295 ||   817
       Battleaxe         |       |       |    13 |       |       ||    13
Invok: Berserk           |     4 |     5 |     7 |     7 |     3 ||    26
       Trog's Hand       |       |     1 |     3 |     4 |     3 ||    11
  Use: Scroll            |     2 |     8 |    10 |    11 |     2 ||    33
Armor: Animal skin       |    35 |       |       |       |       ||    35
       Leather armour    |     4 |       |       |       |       ||     4
       Chain mail        |       |    56 |   268 |   403 |   311 ||  1038
Dodge: Dodged            |    53 |    35 |   116 |   216 |   137 ||   557

Table legend: (Time is in decaauts)
 A = Elapsed time spent in this place.
 B = Non-inter-level travel time spent in this place.
 C = Inter-level travel time spent in this place.
 D = Time resting spent in this place.
 E = Time spent auto-exploring this place.
 F = Levels seen in this place.
 G = Mean time per level.
                   A        B        C        D        E       F      G
               +--------+--------+--------+--------+--------+-----+--------+
         Total |  16141 |  15671 |    470 |   1973 |   9341 |  18 |  896.7 |
       Dungeon |  10898 |  10541 |    357 |   1163 |   6243 |  11 |  990.7 |
          Lair |   5065 |   4952 |    113 |    798 |   3097 |   6 |  844.2 |
       Ossuary |    176 |    176 |      0 |     12 |      0 |   1 |  176.0 |
               +--------+--------+--------+--------+--------+-----+--------+

Top non-repeatable levels by time:
  Lair:5: 1463 daAuts
     D:6: 1446 daAuts
  Lair:4: 1336 daAuts
     D:5: 1254 daAuts
    D:10: 1245 daAuts
     D:7: 1108 daAuts
    D:11: 1098 daAuts
     D:8: 989 daAuts
     D:1: 988 daAuts
  Lair:2: 844 daAuts
     D:4: 840 daAuts
  Lair:1: 821 daAuts
     D:2: 761 daAuts
     D:3: 604 daAuts
  Lair:3: 590 daAuts
